 Dungeon Crawl Stone Soup version 0.31-a0-408-gb642c7f9a3 (webtiles) character file.

Game seed: 1515542620152248546

434 floatRand the Ruffian (level 6, -9/47 HPs)
             Began as a Draconian Shapeshifter on July 29, 2023.
             Mangled by a black bear (10 damage)
             ... on level 4 of the Dungeon.
             The game lasted 00:02:27 (2844 turns).

floatRand the Ruffian (Draconian Shapeshifter)      Turns: 2844, Time: 00:02:28

Health: -9/47      AC:  6    Str: 18    XL:     6   Next: 68%
Magic:  6/6        EV: 12    Int:  8    God:
Gold:   160        SH:  0    Dex: 13    Spells: 3/5 levels left

rFire   . .          .
                       - Unarmed
rCold   . . .        (no shield)
rNeg    . . .        (body armour unavailable)
rPois   .            (helmet currently unavailable)
rElec   .            (cloak currently unavailable)
rCorr   .            (gloves currently unavailable)
SInv    .            (boots currently unavailable)
Will    .....        (no amulet)
Stlth   +            (no ring)
HPRegen 0.27/turn    (no ring)
MPRegen 0.10/turn

%: no passive effects
@: beast-form
A: beast (slay +3), AC +6, unfitting armour, cold-blooded
a: Begin Untransformation


You were on level 4 of the Dungeon.
You were a hulking beast.
You visited 1 branch of the dungeon, and saw 4 of its levels.

You collected 160 gold pieces.

Inventory:

Missiles
 j - 2 silver javelins
 k - 3 javelins
 o - 2 throwing nets
Armour
 r - a +0 cloak
Jewellery
 e - a ring of magical power
 t - a ring of see invisible
 w - an amulet of faith
Talismans
 b - a beast talisman
Wands
 q - a wand of polymorph (14)
Scrolls
 c - 2 scrolls of teleportation {unknown}
 f - a scroll of enchant weapon {unknown}
 g - a scroll of acquirement {unknown}
 l - a scroll of blinking {unknown}
 n - 2 scrolls of identify {unknown}
 s - a scroll of brand weapon {unknown}
 u - a scroll of enchant armour {unknown}
 v - a scroll of noise {unknown}
Potions
 d - a potion of brilliance {unknown}
 h - 3 potions of curing {unknown}
 i - a potion of degeneration {unknown}
 m - a potion of invisibility {unknown}
 p - 2 potions of attraction {unknown}
 x - a potion of haste {unknown}
 z - a potion of resistance {unknown}
 A - a potion of might {unknown}


   Skills:
 - Level 1.1 Fighting
 - Level 1.7 Dodging
 * Level 6.4 Unarmed Combat
 + Level 4.5 Shapeshifting


You had 3 spell levels left.
You knew the following spells:

 Your Spells              Type           Power      Damage    Failure   Level
a - Blink                 Tloc           0%         N/A       54%         2

Your spell library contained the following spells:

 Spells                   Type           Power      Damage    Failure   Level
 Slow                     Hex            0%         N/A       41%         1
 Sublimation of Blood     Necr           0%         N/A       54%         2
 Confusing Touch          Hex            0%         N/A       78%         3
 Vampiric Draining        Necr           0%         2d6       78%         3
 Manifold Assault         Tloc           0%         N/A       99%         4
 Petrify                  Tmut/Erth      0%         N/A       99%         4
 Summon Lightning Spire   Summ/Air       0%         N/A       99%         4
 Irradiate                Conj/Tmut      0%         3d11      100%        5
 Lee's Rapid Deconstruct  Erth           0%         3d4*      100%        5
 Animate Armour           Summ/Erth      Unusable   N/A       N/A         4

Dungeon Overview and Level Annotations

Branches:
Dungeon (4/15)
 Temple: D:4-7

Altars:


Innate Abilities, Weirdness & Mutations

You are a hulking beast.
Your limbs bulge with bestial killing power. (Slay +3)
Your plain brown scales are hard. (AC +6)
You cannot fit into any form of body armour.
You are cold-blooded and may be slowed by cold attacks.


Message History

You hit the black bear.
Your tail-slap misses the black bear.
The black bear is lightly wounded.
The black bear misses you. The black bear barely misses you.
The black bear claws you but does no damage.
You barely miss the black bear.
The black bear is lightly wounded.
The black bear barely misses you. x2
The black bear claws you but does no damage.
You punch the black bear!
The black bear is heavily wounded.
The black bear closely misses you. The black bear misses you.
The black bear claws you but does no damage.
You punch the black bear!
The black bear is almost dead.
The black bear goes berserk!
You completely miss the black bear.
The black bear is almost dead.
The black bear completely misses you. The black bear claws you.
The black bear barely misses you. The black bear bites you!
The black bear claws you.
The black bear claws you but does no damage.
The black bear bites you but does no damage.
The black bear claws you but does no damage.
The black bear misses you.
Unknown command.
You are too injured to fight recklessly!
The black bear bites you! The black bear claws you.
* * * LOW HITPOINT WARNING * * *
The black bear claws you.
* * * LOW HITPOINT WARNING * * *
You are too injured to fight recklessly!
Unknown command.
The black bear bites you!
* * * LOW HITPOINT WARNING * * *
The black bear claws you but does no damage. x2
Unknown command.
You hit the black bear.
The black bear is almost dead.
The black bear bites you!
You die...

#.# #.......... #.#
########......#... #.#
#.....#######.#### #.## #.....#
#..... #..#
#########.....############ ##.#
#.......'.....'...........
###'####.#######.....############
#.....##.# ####.....# '........#
#...h...## #......#.####...h...#
#......#...##.......#
#......#)#.##......^##
#......#.#..'........# ##
######.#)####........# ######.
.......#.# ########.######......
.....###.# #.........###.
.........# #.........###.


You could see a black bear (berserk).

Vanquished Creatures
  Menkaure (D:4)
  A hound (D:4)
  A jelly (D:4)
  Ijyb (D:3)
  Terence (D:2)
  4 orc wizards
  3 adders
  2 dart slugs
  8 orcs
  10 ball pythons
  7 endoplasms
  4 giant cockroaches
  5 goblins
  10 hobgoblins
  2 jackals (D:3)
  8 kobolds
  2 quokkas
  5 bats
  4 frilled lizards
  4 rats
83 creatures vanquished.

Notes
Turn   | Place    | Note
-------+----------+-------------------------------------------
     0 | D:1      | floatRand the Draconian Shapeshifter began the quest for
                  | the Orb.
     0 | D:1      | Reached XP level 1. HP: 16/16 MP: 1/1
   136 | D:1      | Reached XP level 2. HP: 23/23 MP: 2/2
   331 | D:1      | Reached XP level 3. HP: 28/28 MP: 3/3
   734 | D:2      | Reached skill level 4 in Unarmed Combat
   802 | D:2      | Found a faded altar of an unknown god.
   802 | D:2      | Noticed Terence
   817 | D:2      | Killed Terence
   927 | D:2      | Reached XP level 4. HP: 35/35 MP: 4/4
  1551 | D:3      | Noticed Ijyb
  1580 | D:3      | Killed Ijyb
  1777 | D:3      | Reached skill level 5 in Unarmed Combat
  1777 | D:3      | Reached XP level 5. HP: 31/40 MP: 5/5
  2102 | D:4      | Reached XP level 6. HP: 40/47 MP: 6/6
  2111 | D:4      | Learned a level 2 spell: Blink
  2176 | D:4      | Noticed Menkaure
  2186 | D:4      | Killed Menkaure
  2187 | D:4      | Reached skill level 6 in Unarmed Combat
  2843 | D:4      | HP: 1/47 [black bear (10)]
  2844 | D:4      | Mangled by a black bear

Illustrated notes

Levels and vault maps discovered:
D:1:      dpeg_arrival_shrine, layout_basic, minmay_indecisive_spiral
D:2:      layout_basic, chequers_ecumenical_altar_simple, uniq_terence
D:3:      layout_loops_cross, kennysheep_generic_room_10, uniq_ijyb
D:4:      layout_basic, uniq_menkaure

Skill      XL: |  1  2  3  4  5  6 |
---------------+-------------------+-----
Unarmed Combat | 4 5 6 |  6.4
Shapeshifting  | 4 |  4.5
Fighting       | |  1.1
Dodging        | |  1.7

Action                     |  1- 3 |  4- 6 || total
---------------------------+-------+-------++-------
  Melee: Unarmed           |   104 |   147 ||   251
         Tailslap          |     6 |    16 ||    22
         Punch             |     3 |     3 ||     6
    Use: Potion            |       |     1 ||     1
   Stab: Sleeping          |     1 |     2 ||     3
         Confused          |       |     3 ||     3
 Armour: Skin              |    32 |    50 ||    82
  Dodge: Dodged            |    71 |    63 ||   134

Table legend: (Time is in decaauts)
 A = Elapsed time spent in this place.
 B = Non-inter-level travel time spent in this place.
 C = Inter-level travel time spent in this place.
 D = Time resting spent in this place.
 E = Time spent auto-exploring this place.
 F = Levels seen in this place.
 G = Mean time per level.
                   A        B        C        D        E       F      G
               +--------+--------+--------+--------+--------+-----+--------+
         Total |   2823 |   2789 |     34 |    325 |   1786 |   4 |  705.8 |
       Dungeon |   2823 |   2789 |     34 |    325 |   1786 |   4 |  705.8 |
               +--------+--------+--------+--------+--------+-----+--------+

Top non-repeatable levels by time:
     D:4: 850 daAuts
     D:2: 735 daAuts
     D:3: 673 daAuts
     D:1: 563 daAuts
